 Dungeon Crawl Stone Soup version 0.30.1-3-gfc49f6343a (webtiles) character file.

Game seed: 11525841710379950107

76 cowcol the Covered (level 4, -1/40 HPs)
             Began as a Minotaur Fighter on July 28, 2023.
             Slain by a mummy (16 damage)
             ... in an ossuary.
             The game lasted 00:05:07 (1440 turns).

cowcol the Covered (Minotaur Fighter)               Turns: 1440, Time: 00:05:08

Health: -1/40      AC:  7    Str: 23    XL:     4   Next: 12%
Magic:  3/3        EV:  9    Int:  5    God:
Gold:   76         SH:  6    Dex: 15    Spells: 3/3 levels left

rFire   . . .        a - +0 war axe
rCold   . . .        c - +1 buckler
rNeg    . . .        b - +0 scale mail
rPois   .            (helmet restricted)
rElec   .            (no cloak)
rCorr   .            (no gloves)
SInv    +            (no boots)
Will    .....        (no amulet) Stlth
                     k - +6 ring of dexterity
HPRegen 0.26/turn    g - ring of see invisible
MPRegen 0.08/turn

%: no passive effects
@: no status effects
A: horns 2, retaliatory headbutt
a: no special abilities


You were in an ossuary.
You visited 1 branch of the dungeon, and saw 3 of its levels.
You also visited: Ossuary.

You collected 76 gold pieces.

Inventory:

Hand Weapons
 a - a +0 war axe (weapon)
Missiles
 f - 6 poisoned darts (quivered)
Armour
 b - a +0 scale mail (worn)
 c - a +1 buckler (worn)
 m - a +0 chain mail
Jewellery
 g - a ring of see invisible (right hand)
 k - a +6 ring of dexterity (left hand)
Wands
 l - a wand of quicksilver (6)
Scrolls
 e - a scroll of poison {unknown}
 n - a scroll of teleportation
Potions
 d - 4 potions of might
 h - 3 potions of lignification {unknown}
 i - a potion of curing {unknown}
 j - a potion of mutation {unknown}


   Skills:
 + Level 4.2 Fighting
 + Level 3.9 Axes
 + Level 4.3 Armour
 + Level 4.0 Shields


You had 3 spell levels left.
You didn't know any spells.
Your spell library was empty.

Dungeon Overview and Level Annotations

Branches:
Dungeon (2/15)            Ossuary (1/1)

Altars:


Innate Abilities, Weirdness & Mutations

You have a pair of horns on your head.
You reflexively headbutt those who attack you in melee.


Message History

The hobgoblin zombie hits you.
The gnoll zombie hits you but does no damage.
The hobgoblin zombie hits you but does no damage.
You hit the hobgoblin zombie.
You destroy the hobgoblin zombie!
You hit the hobgoblin zombie. You hit the orc zombie.
You slash the gnoll zombie! You block the gnoll zombie's attack.
The hobgoblin zombie hits you but does no damage.
The orc zombie barely misses you.
Unknown command.
You hit the gnoll zombie. You headbutt the gnoll zombie.
The gnoll zombie is heavily damaged.
You slash the hobgoblin zombie!
You destroy the hobgoblin zombie!
You slash the orc zombie!
You destroy the orc zombie!
You hit the gnoll zombie.
The gnoll zombie hits you but does no damage.
The gnoll zombie barely misses you.
You slash the gnoll zombie!
You destroy the gnoll zombie!
You hit the gnoll zombie. You hit the hobgoblin zombie.
The gnoll zombie hits you.
You block the hobgoblin zombie's attack.
Unknown command.
You hit the gnoll zombie.
You destroy the gnoll zombie!
You hit the hobgoblin zombie.
The hobgoblin zombie hits you but does no damage.
Unknown command.
You barely miss the orc zombie. You slash the hobgoblin zombie!
You destroy the hobgoblin zombie!
The orc zombie hits you but does no damage.
Unknown command.
You slash the orc zombie!
You destroy the orc zombie!
Unknown command.
You barely miss the mummy. You slash the mummy! The mummy hits you! x2
You barely miss the mummy. You closely miss the mummy. The mummy hits you!
You die...

...........
.........
........
......
#....#
#....#
#.MM.#
#.@..#
#....#
#....#
#....#
#....#
#.∩∩.#
######


You could see 2 mummies.

Vanquished Creatures
  3 adders (D:2)
  A dart slug (D:2)
  7 bats
  3 endoplasms (D:1)
  A giant cockroach (D:2)
  2 gnoll zombies (Ossuary)
  4 goblins
  6 hobgoblins
  6 kobolds (D:1)
  2 quokkas
  A ball python (D:1)
  2 frilled lizards
  3 hobgoblin zombies (Ossuary)
  2 orc zombies (Ossuary)
  4 rats (D:1)
47 creatures vanquished.

Notes
Turn   | Place    | Note
-------+----------+-------------------------------------------
     0 | D:1      | cowcol the Minotaur Fighter began the quest for the Orb.
     0 | D:1      | Reached XP level 1. HP: 19/19 MP: 0/0
   154 | D:1      | Reached XP level 2. HP: 9/27 MP: 1/1
   282 | D:1      | Found a faded altar of an unknown god.
   919 | D:2      | Reached XP level 3. HP: 32/33 MP: 2/2
  1359 | D:2      | Reached XP level 4. HP: 40/40 MP: 3/3
  1421 | D:2      | You fall into a shaft and drop 2 floors!
  1421 | D:4      | Found a sand-covered staircase.
  1426 | Ossuary  | Entered an ossuary
  1440 | Ossuary  | Slain by a mummy

Illustrated notes

Levels and vault maps discovered:
D:1:      heliophobic_arrival_dark_side_of_the_moon, layout_rooms,
          ebering_ecumenical_altar_mist
D:2:      layout_loops_ring
D:4:      layout_cave_pools, nicolae_ossuary_entry_ruins
Ossuary:  ossuary_tomb_3

Skill      XL: |  1  2  3 |
---------------+----------+-----
Fighting       | 4 |  4.2
Axes           | 3 |  3.9
Armour         | 4 |  4.3
Shields        | 4 |  4.0

Action                     |  1- 3 |  4- 6 || total
---------------------------+-------+-------++-------
  Melee: War axe           |    94 |    10 ||   104
         Headbutt          |    10 |     1 ||    11
  Throw: Dart              |     5 |       ||     5
    Use: Scroll            |     6 |       ||     6
 Armour: Scale mail        |    56 |     6 ||    62
  Dodge: Dodged            |    43 |     2 ||    45
  Block: Buckler           |    25 |     4 ||    29
